 Dungeon Crawl Stone Soup version 0.22.0-25-g7663229 (webtiles) character file.

63 NormalPerson7T the Magician (level 3, -1/20 HPs)
             Began as a Deep Elf Transmuter on Aug 20, 2018.
             Slain by a kobold (4 damage)
             ... on level 2 of the Dungeon.
             The game lasted 00:02:42 (1939 turns).

NormalPerson7T the Magician (Deep Elf Transmuter)   Turns: 1939, Time: 00:02:44

Health: -1/20      AC:  2    Str: 13    XL:     3   Next: 89%
Magic:  7/10       EV: 13    Int: 17    God:
Gold:   92         SH:  0    Dex: 15    Spells: 3/9 levels left

rFire    . . .     SeeInvis .     - Unarmed
rCold    . . .     Gourm    .   (no shield)
rNeg     . . .     Faith    .   b - +0 robe
rPois    .         Spirit   .   (no helmet)
rElec    .         Reflect  .   (no cloak)
rCorr    .         Harm     .   (no gloves)
MR       .....                  (no boots)
Stlth    +.........             (no amulet)
HPRegen  0.06/turn              (no ring)
MPRegen  0.12/turn              (no ring)

@: mighty, very slightly contaminated
A: no striking features
a: no special abilities


You were on level 2 of the Dungeon.
You were not hungry.

You visited 1 branch of the dungeon, and saw 2 of its levels.

You collected 92 gold pieces.

Inventory:

Missiles
 a - 10 arrows
Armour
 b - a +0 robe (worn)
Scrolls
 e - a scroll of amnesia {unknown}
 g - a scroll of remove curse {unknown}
 h - a scroll of identify {unknown}
 i - a scroll of magic mapping {unknown}
 j - a scroll of noise {unknown}
 k - a scroll of teleportation {unknown}
Comestibles
 d - 3 rations


   Skills:
 - Level 0.7 Fighting
 + Level 3.1 Dodging
 + Level 2.8 Unarmed Combat
 + Level 3.7 Spellcasting
 * Level 3.4 Transmutations


You had 3 spell levels left.
You knew the following spells:

 Your Spells              Type           Power        Failure   Level  Hunger
a - Beastly Appendage     Tmut           ##....       4%          1    None
s - Sticks to Snakes      Tmut           ##......     6%          2    ##.....
w - Spider Form           Tmut/Pois      #.........   24%         3    ###....

Your spell library contained the following spells:

 Spells                   Type           Power        Failure   Level  Hunger
 Ice Form                 Ice/Tmut       #.......     63%         4    ####...
 Blade Hands              Tmut           ##........   73%         5    ######.


Dungeon Overview and Level Annotations

Branches:
Dungeon (2/15)

Altars:


Message History

The kobold is severely wounded.
The kobold barely misses you.
You barely miss the kobold.
The kobold is severely wounded.
The kobold closely misses you.
You closely miss the kobold.
The kobold is severely wounded.
The kobold hits you but does no damage.
You closely miss the kobold.
The kobold is severely wounded.
The kobold barely misses you.
You barely miss the kobold.
The kobold is severely wounded.
The kobold hits you.
* * * LOW HITPOINT WARNING * * *
You closely miss the kobold.
The kobold is severely wounded.
A jackal comes into view.
The kobold hits you.
You die...

########...##
............#
#...........#
#...........#
#...........#
#...........#
#......K..#.#
#......@..#.#
#.........#.#
##########h.....)..#.#
#...........####.....#
#...?.......# #.....#
#...........# #.....#
#...........# #..((.#
#......†....# #####(#
#...........# #)#


You could see a jackal (wandering) and a kobold.

Vanquished Creatures
  2 adders (D:2)
  2 worms (D:2)
  A dart slug (D:1)
  A leopard gecko (D:2)
  A ball python (D:2)
  3 giant cockroaches
  2 goblins
  4 hobgoblins
  2 jackals (D:2)
  5 kobolds
  3 bats
  2 frilled lizards (D:2)
  4 rats
32 creatures vanquished.

Vanquished Creatures (collateral kills)
  2 goblins (D:1)
  A kobold (D:1)
3 creatures vanquished.

Grand Total: 35 creatures vanquished

Notes
Turn   | Place    | Note
-------+----------+-------------------------------------------
     0 | D:1      | NormalPerson7T the Deep Elf Transmuter began the quest for the Orb.
     0 | D:1      | Reached XP level 1. HP: 11/11 MP: 6/6
   286 | D:1      | Reached XP level 2. HP: 10/16 MP: 6/8
   310 | D:1      | Learned a level 2 spell: Sticks to Snakes
  1421 | D:2      | Reached XP level 3. HP: 9/20 MP: 7/9
  1426 | D:2      | Learned a level 3 spell: Spider Form
  1876 | D:2      | HP: 1/20 [jackal (3)]
  1939 | D:2      | Slain by a kobold

Skill      XL: |  1  2  3 |
---------------+----------+-----
Transmutations | 3 |  3.4
Dodging        | 3 |  3.1
Fighting       | |  0.7
Unarmed Combat | |  2.8
Spellcasting   | |  3.7

Action                   || total
-------------------------++-------
Melee: Unarmed           ||   127
       Kick              ||    12
       Punch             ||     2
       Headbutt          ||     1
 Cast: Beastly Appendage ||    14
       Sticks to Snakes  ||     2
       Spider Form       ||     4
  Use: Potion            ||     2
 Stab: Sleeping          ||     1
  Eat: Chunk             ||     4
Armor: Robe              ||    14
       Skin              ||     1
Dodge: Dodged            ||    98
